 Dungeon Crawl Stone Soup version 0.25.1-2-g60ff931df9 (webtiles) character file.

Game seed: 9130424781874183782

42 Descartes the Sneak (level 3, -3/17 HPs)
             Began as a Felid Wanderer on Aug 2, 2020.
             Slain by an adder (5 damage)
             ... on level 2 of the Dungeon.
             The game lasted 00:03:32 (2007 turns).

Descartes the Sneak (Felid Wanderer)                Turns: 2007, Time: 00:03:33

Health: -3/17      AC:  1    Str: 10    XL:     3   Next: 33%
Magic:  4/4        EV: 18    Int: 18    God:
Gold:   64         SH:  0    Dex: 15    Spells: 2/2 levels left
                                        Lives:  0   Deaths: 0

rFire    . . .     SeeInvis +     - Unarmed
rCold    . . .     Gourm    .   (shield unavailable)
rNeg     . . .     Faith    .   (armour unavailable)
rPois    .         Spirit   .   (helmet unavailable)
rElec    .         Reflect  .   (cloak unavailable)
rCorr    .         Harm     .   (gloves unavailable)
MR       .....                  (boots unavailable)
Stlth    +++.......             (no amulet)
HPRegen  0.05/turn              h - +6 ring of intelligence
MPRegen  0.09/turn              (no ring)

@: quick
A: very small, no armour, no weapons or thrown items, stealth, claws 1, fangs 3,
see invisible, carnivore, speed 1, shaggy fur 1, slow metabolism 1, sharp paws
a: no special abilities


You were on level 2 of the Dungeon.
You were completely stuffed.

You visited 1 branch of the dungeon, and saw 2 of its levels.

You collected 64 gold pieces.

Inventory:

Missiles
 k - 45 stones
Jewellery
 h - a +6 ring of intelligence (left paw)
Scrolls
 d - a scroll of random uselessness {unknown}
 f - a scroll of enchant armour {unknown}
 g - a scroll of teleportation {unknown}
 i - 2 scrolls of blinking {unknown}
Potions
 a - 2 potions of berserk rage
 b - 2 potions of lignification
 e - a potion of heal wounds {unknown}
Comestibles
 c - 5 rations
 j - 2 chunks of flesh


   Skills:
 - Level 3.0 Fighting
 + Level 3.2 Dodging
 + Level 4.2 Stealth
 - Level 3.0 Unarmed Combat
   Level 1.1 Evocations


You had 2 spell levels left.
You didn't know any spells.
Your spell library was empty.

Dungeon Overview and Level Annotations

Branches:
Dungeon (2/15)

Altars:


Innate Abilities, Weirdness & Mutations

You cannot wear armour.
You are incapable of wielding weapons or throwing items.
Your paws allow you to move quietly. (Stealth)
You have sharp claws.
You have razor-sharp teeth.
You have supernaturally acute eyesight. (SInv)
You are carnivorous and can eat meat at any time.
You cover ground quickly.
You are covered in fur. (AC +1)
You have a slow metabolism.
Your sharp claws are effective at attacking unaware monsters.


Message History

The bat closely misses you. The adder barely misses you.
You barely miss the adder.
The adder is lightly wounded.
The bat misses you. The adder closely misses you.
You scratch the adder.
The adder is moderately wounded.
The bat barely misses you. The adder misses you.
You miss the adder.
The adder is moderately wounded.
The bat completely misses you. The adder misses you.
The bat closely misses you.
You miss the adder. Your bite misses the adder.
The adder is moderately wounded.
The bat completely misses you. The adder bites you.
* * * LOW HITPOINT WARNING * * *
The adder misses you.
You scratch the adder.
The adder is heavily wounded.
The bat misses you. The adder bites you.
You die...

.......##...### ##
..........#...## ######.
..###########..## ###.[....
..######### ##..#########...###.#
..........###.............### #.#
..........#...##......#########.#
.#.............)#####.# #......#
.#........#.###)b## #.## #.####..
.#..........# ##@.###..###)#.....
.#.#####..### ##S.##......#.....
..........## ##.........#.....
..##.####..### ##......#.......
.. .# ##...######.###.........[
## # #........#.###.####.....
#........#.....# #.....
#..........##### #.....
#..........# #.##.#


You could see an adder and a bat.

Vanquished Creatures
  An adder (D:2)
  2 worms (D:2)
  2 giant cockroaches
  A goblin (D:2)
  7 hobgoblins
  A quokka (D:2)
  5 bats
  A frilled lizard (D:2)
  4 kobolds
  3 rats
27 creatures vanquished.

Notes
Turn   | Place    | Note
-------+----------+-------------------------------------------
     0 | D:1      | Descartes the Felid Wanderer began the quest for the Orb.
     0 | D:1      | Descartes set off with the following items: 2 potions of
                  | berserk rage, 2 potions of lignification, a ration
     0 | D:1      | Reached XP level 1. HP: 10/10 MP: 2/2
   337 | D:1      | Reached skill level 3 in Stealth
  1006 | D:2      | Reached XP level 2. HP: 12/14 MP: 3/3
  1682 | D:2      | Reached skill level 4 in Stealth
  1807 | D:2      | Reached XP level 3. HP: 17/17 MP: 4/4
  2007 | D:2      | Slain by an adder

Illustrated notes

Levels and vault maps discovered:
D:1:      nicolae_arrival_washed_ashore, layout_basic, minmay_domino_2
D:2:      layout_rooms, fedhas_altar_4, ashenzari_altar_1

Skill      XL: |  1  2 |
---------------+-------+-----
Stealth        | 3 4 |  4.2
Dodging        | 2 3 |  3.2
Fighting       | |  3.0
Unarmed Combat | |  3.0
Evocations     | |  1.1

Action                   || total
-------------------------++-------
Melee: Unarmed           ||    93
       Bite              ||     8
       Punch             ||     1
 Stab: Sleeping          ||     4
       Distracted        ||     1
  Eat: Chunk             ||     9
Armor: Skin              ||     6
Dodge: Dodged            ||    84
